 Dungeon Crawl Stone Soup version 0.28.0-53-g5a82cb258f (webtiles) character file.

Game seed: 11391326193352378482

107 stumblerator577 the Skirmisher (level 5, -7/41 HPs)
             Began as a Human Fighter on Aug 2, 2022.
             Mangled by a wyvern skeleton (13 damage)
             ... on level 3 of the Dungeon.
             The game lasted 01:19:15 (5033 turns).

stumblerator577 the Skirmisher (Human Fighter)      Turns: 5033, Time: 01:19:15

Health: -7/41      AC:  6    Str: 19    XL:     5   Next: 11%
Magic:  5/5        EV: 10    Int:  8    God:
Gold:   48         SH:  4    Dex: 12    Spells: 4/4 levels left

rFire   . . .      SeeInvis .   a - +0 rapier
rCold   + . .      Faith    .   c - +0 buckler
rNeg    . . .      Spirit   .   e - +1 ring mail {rC+}
rPois   .          Reflect  .   (no helmet)
rElec   .          Harm     .   (no cloak)
rCorr   .          Rampage  .   (no gloves)
Will    .....                   (no boots)
Stlth   +.........              (no amulet)
HPRegen 0.13/turn               (no ring)
MPRegen 0.09/turn               (no ring)

@: no status effects
A: no striking features
a: no special abilities


You were on level 3 of the Dungeon.
You visited 1 branch of the dungeon, and saw 3 of its levels.

You collected 48 gold pieces.

Inventory:

Hand Weapons
 a - a +0 rapier (weapon)
 b - a +0 hunting sling
 h - a +0 dagger
Missiles
 l - 35 sling bullets
Armour
 c - a +0 buckler (worn)
 e - a +1 ring mail of cold resistance (worn)
 j - a +0 scale mail
 r - a +0 robe
Magical Staves
 f - a staff of cold
Jewellery
 g - a ring of willpower
 i - an amulet of guardian spirit
 u - a ring of willpower
 w - the ring of Liberty {Fly Will+ MP+9 Dex-5}
   (You found it on level 3 of the Dungeon)

   [ring of flight]

   Dex:       It affects your dexterity (-5).
   MP:        It affects your magic capacity (+9).
   Fly:       It grants you flight.
   Will:      It increases your willpower.
Scrolls
 n - a scroll of fog {unknown}
 o - a scroll of fear {unknown}
 p - 2 scrolls of amnesia {unknown}
 q - a scroll of silence {unknown}
 s - 2 scrolls of identify {unknown}
 v - a scroll of enchant weapon {unknown}
Potions
 d - a potion of might
 k - 2 potions of attraction {unknown}
 m - a potion of magic {unknown}
 t - a potion of curing {unknown}


   Skills:
 + Level 3.4 Fighting
 + Level 3.0 Short Blades
 + Level 2.1 Slings
 + Level 3.3 Armour
 + Level 0.1 Dodging
 + Level 3.4 Shields


You had 4 spell levels left.
You didn't know any spells.
Your spell library contained the following spells:

 Spells                   Type           Power      Damage    Failure   Level
 Animate Skeleton         Necr           0%         N/A       67%         1
 Apportation              Tloc           0%         N/A       67%         1
 Summon Small Mammal      Summ           0%         N/A       67%         1
 Call Canine Familiar     Summ           0%         N/A       96%         3
 Summon Guardian Golem    Hex/Summ       0%         N/A       96%         3


Dungeon Overview and Level Annotations

Branches:
Dungeon (3/15)

Altars:

Shops:
D:2 !


Message History

the felid corpse of Natasha; a quokka corpse
Things that are here:
the felid corpse of Natasha; a quokka corpse
Things that are here:
the felid corpse of Natasha; a quokka corpse A wyvern skeleton comes into view.
Found a ring mail.
The wyvern skeleton barely misses you. The wyvern skeleton barely misses you.
You barely miss the wyvern skeleton. The wyvern skeleton barely misses you.
You hit the wyvern skeleton.
The wyvern skeleton is lightly damaged.
The wyvern skeleton barely misses you. You block the wyvern skeleton's attack.
You hit the wyvern skeleton.
The wyvern skeleton is moderately damaged.
The wyvern skeleton misses you.
You hit the wyvern skeleton but do no damage.
The wyvern skeleton is moderately damaged.
The wyvern skeleton bites you.
The wyvern skeleton bites you but does no damage.
You barely miss the wyvern skeleton.
The wyvern skeleton is moderately damaged.
The wyvern skeleton closely misses you.
The wyvern skeleton bites you but does no damage.
You hit the wyvern skeleton.
The wyvern skeleton is moderately damaged.
The wyvern skeleton barely misses you.
You puncture the wyvern skeleton!
The wyvern skeleton is severely damaged.
You block the wyvern skeleton's attack.
You barely miss the wyvern skeleton.
The wyvern skeleton is severely damaged.
The wyvern skeleton bites you! x2
* * * LOW HITPOINT WARNING * * *
You hit the wyvern skeleton.
The wyvern skeleton is severely damaged.
The wyvern skeleton closely misses you.
You puncture the wyvern skeleton!
The wyvern skeleton is almost destroyed.
The wyvern skeleton bites you!
You die...

##### ##### ###....
...# .....#
#.########
##.#.#####........#
#...@.........###.###
#..#Z#####..#.....†..
#. #.# #..#...#.###
.. ..# #........# ##
.[.. ....#...#.#
....# ###.......#
#.##.# ####.#### #.
#.# #.# #+#


You could see a wyvern skeleton.

Vanquished Creatures
  Natasha (twice) (D:3)
  4 worms (D:2)
  2 dart slugs
  5 bats
  3 endoplasms
  2 giant cockroaches (D:1)
  3 hobgoblins
  3 jackals (D:1)
  2 quokkas
  6 ball pythons
  5 goblins
  A kobold (D:2)
  3 rats
41 creatures vanquished.

Vanquished Creatures (others)
  16 plants
16 creatures vanquished.

Grand Total: 57 creatures vanquished

Notes
Turn   | Place    | Note
-------+----------+-------------------------------------------
     0 | D:1      | stumblerator577 the Human Fighter began the quest for the
                  | Orb.
     0 | D:1      | Reached XP level 1. HP: 18/18 MP: 1/1
   477 | D:1      | Reached XP level 2. HP: 5/24 MP: 2/2
  1483 | D:1      | Reached XP level 3. HP: 29/29 MP: 3/3
  2402 | D:1      | Found a faded altar of an unknown god.
  3429 | D:2      | Found Bonishapn's Distillery.
  4025 | D:2      | Reached skill level 1 in Slings
  4596 | D:3      | Reached XP level 4. HP: 35/35 MP: 4/4
  4622 | D:3      | Identified the ring of Liberty {Fly Will+ MP+9 Dex-5}
  4804 | D:3      | Noticed Natasha
  4813 | D:3      | Killed Natasha
  4965 | D:3      | Noticed Natasha
  4992 | D:3      | Killed Natasha
  4993 | D:3      | Reached XP level 5. HP: 21/41 MP: 5/5
  5033 | D:3      | Mangled by a wyvern skeleton

Illustrated notes

Levels and vault maps discovered:
D:1:      matt_arrival_grand_opening, layout_loops_cross,
          dilly_ecumenical_altar_fadedgnrine, serial_forest,
          infiniplex_forest_lined_2, infiniplex_forest_corner_1,
          infiniplex_forest_clump_large, infiniplex_forest_corner_2,
          infiniplex_forest_clump_double, infiniplex_forest_clump_cross,
          infiniplex_forest_clump_cross, infiniplex_forest_clump_small,
          infiniplex_forest_lined_3, infiniplex_forest_join
D:2:      layout_basic, serial_forest, infiniplex_forest_diagonal,
          infiniplex_forest_straight_2, infiniplex_forest_side_room,
          infiniplex_forest_lined_2, infiniplex_forest_clump_small,
          infiniplex_forest_side_room, serial_shops, nicolae_square_shop,
          minmay_misc_feat_hallway
D:3:      layout_loops_corners, hangedman_glass_teeth, uniq_natasha

Skill      XL: |  1  2  3  4 |
---------------+-------------+-----
Slings         | 1 2 |  2.1
Short Blades   | 3 |  3.0
Fighting       | |  3.4
Armour         | |  3.3
Dodging        | |  0.1
Shields        | |  3.4

Action                   |  1- 3 |  4- 6 || total
-------------------------+-------+-------++-------
Melee: Rapier            |   156 |    48 ||   204
 Fire: Hunting sling     |    25 |     6 ||    31
Throw: Stone             |     4 |       ||     4
  Use: Potion            |     1 |       ||     1
       Scroll            |     1 |       ||     1
Armor: Scale mail        |    16 |       ||    16
       Ring mail         |    29 |    12 ||    41
Dodge: Dodged            |    51 |    34 ||    85
Block: Buckler           |    22 |    13 ||    35
